Description

Unit Targets at 5:30: 45 workers 26 marines 2 medivacs

Build Order

Get SALT Encoding   

  14  0:18  Supply Depot  
  15  0:40  Barracks  
  16  0:44  Refinery  
  19  1:28  Orbital Command  
  19  1:30  Barracks Reactor  
  19  1:43  Command Center  
  20  2:01  Barracks  
  22  2:15  Supply Depot  
  23  2:28  Barracks  
  26  2:50  Barracks Tech Lab  
  27  2:56  Orbital Command  
  30  3:09  Stimpack  
  31  3:16  Barracks Reactor  
  34  3:24  Factory  
  36  3:34  Refinery  
  41  3:46  Supply Depot x2  
  47  4:10  Starport, Supply Depot  
  47  4:11  Factory Reactor  
  63  4:54  Medivac x2  
  63  4:59  Engineering Bay  
  69  5:12  Combat Shields  
Spawning Tool Build Advisor. Get it on Overwolf

Go to:

Details

  • Created by: graypsi
  • Published on: Apr 14, 2018
  • Modified on: Apr 14, 2018
  • Patch: 4.0.0
  • Difficulty: Easy
Show
View Real Time Build Order
Export as new Build Order

Comments (0)

There are no comments. Be the first!

Create an account to comment!